 Dungeon Crawl Stone Soup version 0.19-a0-1203-g7dfd8ee (webtiles) character file.

207 one1010 the Covert (level 5, -1/34 HPs)
             Began as an Octopode Assassin on Aug 21, 2016.
             Slain by an ogre
             ... wielding a +0 giant club
              (14 damage)
             ... on level 4 of the Dungeon.
             The game lasted 00:06:07 (2489 turns).

one1010 the Covert (Octopode Assassin)              Turns: 2489, Time: 00:06:08

Health: -1/34      AC:  1    Str: 10    XL:     5   Next: 85%
Magic:  5/5        EV: 13    Int: 13    God:
Gold:   102        SH:  0    Dex: 15    Spells: 0 memorised, 4 levels left

rFire  . . .     SeeInvis .     a - +2 dagger
rCold  . . .     Gourm    .     (no shield)
rNeg   . . .     Faith    .     (helmet restricted)
rPois  +         Spirit   .     (no amulet)
rElec  .         Dismiss  .     k - ring of poison resistance
rCorr  .         Reflect  .     (no ring)
MR     .....     Harm     .     (no ring)
Stlth  ++++++....               (no ring)
                                (no ring)
                                (no ring)
                                (no ring)
                                (no ring)

@: slowed, very slow
A: almost no armour, amphibious, 8 rings, constrict 8, camouflage 1, gelatinous
body 1
a: no special abilities


You were on level 4 of the Dungeon.
You were not hungry.

You visited 1 branch of the dungeon, and saw 4 of its levels.

You collected 102 gold pieces.

Inventory:

Hand Weapons
 a - a +2 dagger (weapon)
 b - a +0 blowgun
Missiles
 c - 8 poisoned needles
 d - 2 curare-tipped needles
Jewellery
 k - a ring of poison resistance (left tentacle)
Scrolls
 e - 4 scrolls of identify {unknown}
 g - 3 scrolls of fear {unknown}
 j - 2 scrolls of noise {unknown}
 m - a scroll of recharging {unknown}
 n - 2 scrolls of remove curse {unknown}
 p - a scroll of random uselessness {unknown}
 r - a scroll of blinking {unknown}
 u - 2 scrolls of magic mapping {unknown}
 v - a scroll of teleportation {unknown}
 x - a scroll of fog {unknown}
 y - 2 scrolls of enchant weapon {unknown}
Potions
 i - a potion of berserk rage {unknown}
 l - a potion of cure mutation {unknown}
 o - 4 potions of curing {unknown}
 q - a potion of flight {unknown}
 s - 2 potions of heal wounds {unknown}
 t - 2 potions of degeneration {unknown}
 w - 2 potions of might {unknown}
 A - a potion of brilliance {unknown}
Comestibles
 f - 2 bread rations
 h - a slice of pizza
 z - a chunk of flesh


   Skills:
 + Level 2.1 Fighting
 + Level 2.4 Short Blades
 - Level 2.0 Throwing
 + Level 1.6 Dodging
 * Level 9.0 Stealth


You had 4 spell levels left.
You didn't know any spells.

Dungeon Overview and Level Annotations

Branches:
Dungeon (4/15)
 Temple: D:4-7

Altars:


Innate Abilities, Weirdness & Mutations

You cannot wear most types of armour.
You are amphibious.
You can wear up to eight rings at the same time.
You can use your tentacles to constrict eight enemies at once.
Your skin changes colour to match your surroundings (Stealth+).
Your rubbery body absorbs attacks. (AC +1, EV +1)


Message History

The worm is lightly wounded.
You constrict the worm.
The ogre shouts!
You hear a shout! x3
You hit the worm. You squeeze the worm!
You kill the worm!
You hit the ogre. Your squeeze misses the ogre.
The ogre is lightly wounded.
The ogre hits you with a giant club!
You hit the ogre.
The ogre is lightly wounded.
The orc wizard gestures at you while chanting.
You feel yourself slow down. The ogre closely misses you.
The ogre barely misses you.
An ogre comes into view. It is wielding a giant club.
An adder comes into view.
Found 25 stones.
Found 4 gold pieces.
The orc wizard gestures wildly while chanting.
The orc wizard blinks!
The ogre hits you with a giant club!
You die...

######## #...)..###
##.÷......## #
#.......<..#.
######...............
#..(...........##....
#.......o......##....
#...........@....S...
#...........O..##....
#..............##...
#...................
#...........§..##...
#...............# .(
#..........O....# $
#.............#.#
#######......##..#


You could see 2 ogres, an orc wizard and an adder (sleeping).

Vanquished Creatures
  A crimson imp (D:3)
  A giant frog skeleton (D:3)
  A howler monkey skeleton (D:3)
  3 adders
  3 gnolls (D:3)
  3 worms
  3 dart slugs (D:3)
  3 giant geckos
  5 orcs (D:3)
  11 bats
  A giant cockroach (D:1)
  5 hobgoblins
  3 jackals (D:3)
  A ball python (D:2)
  3 giant newts
  9 goblins
  2 kobolds (D:2)
  2 rats
60 creatures vanquished.

Notes
Turn   | Place    | Note
-------+----------+-------------------------------------------
     0 | D:1      | one1010 the Octopode Assassin began the quest for the Orb.
     0 | D:1      | Reached XP level 1. HP: 14/14 MP: 1/1
   260 | D:1      | Reached XP level 2. HP: 19/19 MP: 2/2
   346 | D:1      | Reached skill level 6 in Stealth
   861 | D:2      | Reached XP level 3. HP: 24/24 MP: 3/3
  1139 | D:2      | Reached skill level 7 in Stealth
  1400 | D:3      | Reached skill level 8 in Stealth
  1400 | D:3      | Reached XP level 4. HP: 29/29 MP: 4/4
  1543 | D:3      | Reached XP level 5. HP: 22/34 MP: 5/5
  2432 | D:4      | Reached skill level 9 in Stealth
  2474 | D:4      | Noticed an ogre
  2487 | D:4      | Noticed an ogre
  2489 | D:4      | Slain by an ogre

Vault maps used:
D:1:      dpeg_arrival_castle
D:2:      first_bread
D:3:      minmay_diamond_boxcup

Skill      XL: |  1  2  3  4  5 |
---------------+----------------+-----
Stealth        | 6 8 9 |  9.0
Fighting       | |  2.1
Short Blades   | |  2.4
Throwing       | |  2.0
Dodging        | |  1.6

Action                   |  1- 3 |  4- 6 || total
-------------------------+-------+-------++-------
Melee: Dagger            |    43 |    68 ||   111
       Constrict         |    10 |    18 ||    28
       Tentacles         |     5 |    10 ||    15
 Stab: Sleeping          |    16 |     9 ||    25
  Eat: Chunk             |     1 |     4 ||     5
Armor: Skin              |     4 |    14 ||    18
Dodge: Dodged            |    22 |    37 ||    59
